 Dungeon Crawl Stone Soup version 0.29-a0-356-g7bc237e783 (webtiles) character file.

Game seed: 1576414760875696300

85 siradein the Digger (level 4, 0/36 HPs)
             Began as a Deep Dwarf Earth Elementalist on Apr 27, 2022.
             Slain by a goblin
             ... wielding a +0 club
             ... led by Robin
              (5 damage)
             ... on level 2 of the Dungeon.
             The game lasted 00:04:14 (1881 turns).

siradein the Digger (Deep Dwarf Earth Elementalist) Turns: 1881, Time: 00:04:15

Health: 0/36       AC:  2    Str: 12    XL:     4   Next: 25%
Magic:  6/6        EV: 11    Int: 17    God:
Gold:   104        SH:  3    Dex: 13    Spells: 2/6 levels left

rFire   . . .      SeeInvis .   a - +0 mace
rCold   . . .      Faith    .   d - +0 buckler
rNeg    . . .      Spirit   .   b - +0 robe
rPois   .          Reflect  .   (no helmet)
rElec   .          Harm     .   (no cloak)
rCorr   +          Rampage  .   (no gloves)
Will    .....                   (no boots)
Stlth   ++........              (no amulet)
HPRegen 0.00/turn               m - ring of resist corrosion
MPRegen 0.10/turn               (no ring)

@: no status effects
A: damage resistance, heal wounds, sense surroundings 1, no regeneration
a: Heal Wounds


You were on level 2 of the Dungeon.
You visited 1 branch of the dungeon, and saw 2 of its levels.

You collected 104 gold pieces.

Inventory:

Hand Weapons
 a - a +0 mace (weapon)
Armour
 b - a +0 robe (worn)
 d - a +0 buckler (worn)
Jewellery
 m - a ring of resist corrosion (left hand)
Scrolls
 e - a scroll of identify {unknown}
 f - 3 scrolls of teleportation {unknown}
 g - a scroll of fear {unknown}
 h - a scroll of enchant weapon {unknown}
 i - a scroll of silence {unknown}
 l - a scroll of enchant armour {unknown}
 n - a scroll of noise {unknown}
Potions
 c - a potion of magic
 j - 2 potions of curing {unknown}
 k - a potion of heal wounds {unknown}


   Skills:
 - Level 2.1 Dodging
 - Level 2.4 Stealth
 - Level 1.7 Spellcasting
 - Level 0.8 Transmutations
 + Level 6.8 Earth Magic


You had 2 spell levels left.
You knew the following spells:

 Your Spells              Type           Power      Damage    Failure   Level
a - Sandblast             Erth           48%        2d12      1%          1
b - Stone Arrow           Conj/Erth      26%        3d8       21%         3

Your spell library contained the following spells:

 Spells                   Type           Power      Damage    Failure   Level
 Passwall                 Tmut/Erth      11%        N/A       9%          2
 Petrify                  Tmut/Erth      14%        N/A       50%         4


Dungeon Overview and Level Annotations

Branches:
Dungeon (2/15)

Altars:
Nemelex Xobeh

Annotations:
D:2 Robin


Innate Abilities, Weirdness & Mutations

You are resistant to damage.
You can heal yourself by infusing magical energy.
You passively map a small area around you.
You do not regenerate.


Message History

A goblin comes into view. It is wielding a +0 club.
You block the goblin's attack.
You closely miss the goblin. The goblin hits you but does no damage.
The goblin hits you with a +0 club.
You closely miss the goblin. The goblin hits you with a +0 club.
The goblin hits you but does no damage.
Robin says, "A pitiful Dwarf like you will never find the ORB!"
The goblin closely misses you. The goblin hits you with a +0 club.
Robin laughs in a distinctly smug fashion.
You hit the goblin.
You kill the goblin!
The goblin hits you but does no damage.
You barely miss the goblin.
The goblin no longer looks unusually strong.
The goblin hits you with a +0 club.
Robin roars a battlecry!
The goblin goes into a battle-frenzy!
The goblin closely misses you. x2; The goblin hits you but does no damage.
You closely miss the goblin.
The hobgoblin no longer looks unusually strong.
The goblin no longer looks unusually strong.
The goblin hits you with a +0 club. x2
You closely miss the goblin. The goblin hits you with a +0 club.
Robin's bangles clink loudly.
The goblin hits you with a +0 club.
* * * LOW HITPOINT WARNING * * *
You closely miss the goblin.
The goblin no longer looks unusually strong.
The goblin closely misses you. x2; The goblin hits you with a +0 club.
* * * LOW HITPOINT WARNING * * *
Robin roars a battlecry!
The goblins go into a battle-frenzy!
The goblin hits you with a +0 club.
* * * LOW HITPOINT WARNING * * *
You hear a shout!
You hit the goblin.
The goblin is moderately wounded.
The goblin no longer looks unusually strong.
The goblin hits you with a +0 club.
You die...

...>....⌠..............##########
###..............................
......)..............[.#########.
########...##....#####.#....# #.
#############....#...#.#....# #.
.##....<# ######...#.#....# #.
.##.....# #...#.#....# #.
.##.....##########gg.#[.....# #.
.##............g@ggg........# #.
.##............########.....# ##.
.#####............#####.....# #..
.# #.................#....# #..
.# #.................#....# #..
.# #.........._......#g.).###..
.# #########.........##g#......
.######### #.........##.#.###..
.##......# #.........##...# #..


You could see Robin, a hobgoblin (strong) and 4 goblins.

Vanquished Creatures
  4 adders (D:2)
  2 dart slugs (D:1)
  4 endoplasms (D:1)
  3 giant cockroaches (D:1)
  4 hobgoblins
  2 jackals (D:1)
  3 quokkas
  A ball python (D:2)
  3 bats (D:2)
  2 frilled lizards (D:1)
  6 goblins
  6 kobolds
  2 rats (D:1)
42 creatures vanquished.

Notes
Turn   | Place    | Note
-------+----------+-------------------------------------------
     0 | D:1      | siradein the Deep Dwarf Earth Elementalist began the quest
                  | for the Orb.
     0 | D:1      | Reached XP level 1. HP: 15/15 MP: 3/3
   304 | D:1      | Reached XP level 2. HP: 22/22 MP: 1/4
   352 | D:1      | Reached skill level 5 in Earth Magic
  1084 | D:1      | Reached XP level 3. HP: 26/28 MP: 3/5
  1144 | D:2      | Learned a level 3 spell: Stone Arrow
  1287 | D:2      | Reached skill level 6 in Earth Magic
  1525 | D:2      | Found a sparkling altar of Nemelex Xobeh.
  1593 | D:2      | Reached XP level 4. HP: 34/36 MP: 3/6
  1833 | D:2      | Noticed Robin
  1881 | D:2      | Slain by a goblin

Illustrated notes

Levels and vault maps discovered:
D:1:      dpeg_arrival_round_b, layout_basic, nrook_campfire
D:2:      layout_basic, basic_altar, dreamdust_wishing_well,
          serial_park_tiny_pond, uniq_robin

Skill      XL: |  1  2  3 |
---------------+----------+-----
Earth Magic    | 5 6 |  6.8
Dodging        | |  2.1
Stealth        | |  2.4
Spellcasting   | |  1.7
Transmutations | |  0.8

Action                   |  1- 3 |  4- 6 || total
-------------------------+-------+-------++-------
Melee: Mace              |       |    15 ||    15
 Cast: Sandblast         |    50 |     3 ||    53
Armor: Robe              |     1 |     7 ||     8
Dodge: Dodged            |     2 |    16 ||    18
Block: Buckler           |       |     2 ||     2

Table legend: (Time is in decaauts)
 A = Elapsed time spent in this place.
 B = Non-inter-level travel time spent in this place.
 C = Inter-level travel time spent in this place.
 D = Time resting spent in this place.
 E = Time spent auto-exploring this place.
 F = Levels seen in this place.
 G = Mean time per level.
                   A        B        C        D        E       F      G
               +--------+--------+--------+--------+--------+-----+--------+
         Total |   1886 |   1861 |     25 |      4 |   1609 |   2 |  943.0 |
       Dungeon |   1886 |   1861 |     25 |      4 |   1609 |   2 |  943.0 |
               +--------+--------+--------+--------+--------+-----+--------+

Top non-repeatable levels by time:
     D:1: 1139 daAuts
     D:2: 747 daAuts
